 Dungeon Crawl Stone Soup version 0.25.1-2-g60ff931df9 (webtiles) character file.

Game seed: 13372938142601163987

135 Delamore the Shield-Bearer (level 5, 0/34 HPs)
             Began as a Gargoyle Fighter on Oct 13, 2020.
             Slain by an orc
             ... wielding a +0 trident
              (5 damage)
             ... on level 3 of the Dungeon.
             The game lasted 00:01:50 (2163 turns).

Delamore the Shield-Bearer (Gargoyle Fighter)       Turns: 2163, Time: 00:01:50

Health: 0/34       AC: 10    Str: 21    XL:     5   Next: 18%
Magic:  5/5        EV:  7    Int:  8    God:
Gold:   142        SH:  9    Dex:  9    Spells: 4/4 levels left

rFire    . . .     SeeInvis .   a - +0 flail
rCold    . . .     Gourm    .   c - +0 kite shield
rNeg     + + .     Faith    .   b - +0 scale mail
rPois    ∞         Spirit   .   (no helmet)
rElec    +         Reflect  .   (no cloak)
rCorr    .         Harm     .   (no gloves)
MR       .....                  (no boots)
Stlth    ..........             (no amulet)
HPRegen  0.11/turn              i - ring of positive energy
MPRegen  0.09/turn              (no ring)

@: no status effects
A: negative energy resistance 1, electricity resistance, unbreathing,
petrification resistance, rot immunity, AC +4
a: no special abilities


You were on level 3 of the Dungeon.
You were not hungry.

You visited 1 branch of the dungeon, and saw 4 of its levels.

You collected 142 gold pieces.

Inventory:

Hand Weapons
 a - a +0 flail (weapon)
Armour
 b - a +0 scale mail (worn)
 c - a +0 kite shield (worn)
Jewellery
 i - a ring of positive energy (left hand)
Scrolls
 g - a scroll of enchant weapon {unknown}
 h - a scroll of immolation {unknown}
 k - a scroll of amnesia {unknown}
 l - a scroll of blinking {unknown}
 m - a scroll of fog {unknown}
 o - a scroll of random uselessness
 p - a scroll of fear
 r - a scroll of teleportation
Potions
 d - a potion of might
 e - 2 potions of flight {unknown}
 n - a potion of haste {unknown}
Comestibles
 f - 7 rations
 j - a chunk of flesh


   Skills:
 + Level 4.5 Fighting
 + Level 3.3 Maces & Flails
 - Level 3.2 Armour
 + Level 4.5 Shields


You had 4 spell levels left.
You didn't know any spells.
Your spell library was empty.

Dungeon Overview and Level Annotations

Branches:
Dungeon (4/15)
 Temple: D:4-7

Altars:


Innate Abilities, Weirdness & Mutations

You are resistant to torment.
Your stone body is resilient. (AC +4)
You are immune to poison.
You resist negative energy. (rN+)
You are resistant to electric shocks. (rElec)
You can survive without breathing.
You are immune to petrification.
You are immune to rotting.


Message History

The orc hits you from afar with a +0 trident.
* * * LOW HITPOINT WARNING * * *
You block the orc's attack. The orc hits you but does no damage.
You hit the orc priest.
The orc priest is heavily wounded.
You block the orc priest's attack.
The orc wizard hits you but does no damage.
You block the orc's attack. The orc barely misses you. x2
You sock the orc priest!
The orc priest is almost dead.
The orc priest calls upon Beogh to heal the orc wizard.
The orc wizard is healed somewhat.
The orc wizard gestures at you while chanting.
You block the puff of frost. You block the orc's attack.
The orc priest closely misses you. The orc closely misses you.
The orc hits you but does no damage. The orc wizard closely misses you.
You closely miss the orc priest.
The orc priest is almost dead.
The orc hits you from afar with a +0 trident.
You die...

.###...........
....<.#.#......
.....$).#...!).
.#.####........
#. #...#......
# #.#........
#. #.#........
#.##o#.#.%....
#..o@.o#......
#..o#o########
#....#.#.# ####
#.#.# ..#.#
..... ......
#.#.## #.#.#


You could see an orc priest, an orc wizard and 3 orcs.

Vanquished Creatures
  An orc wizard (D:4)
  5 adders
  3 dart slugs
  2 leopard geckos
  An orc (D:2)
  6 giant cockroaches
  10 goblins
  2 hobgoblins
  4 bats
  4 frilled lizards
  10 kobolds
  5 rats
53 creatures vanquished.

Notes
Turn   | Place    | Note
-------+----------+-------------------------------------------
     0 | D:1      | Delamore the Gargoyle Fighter began the quest for the Orb.
     0 | D:1      | Reached XP level 1. HP: 14/14 MP: 1/1
   159 | D:1      | Reached XP level 2. HP: 19/19 MP: 2/2
   773 | D:2      | Reached XP level 3. HP: 24/24 MP: 3/3
  1472 | D:2      | Reached XP level 4. HP: 22/29 MP: 4/4
  2103 | D:4      | Reached XP level 5. HP: 19/34 MP: 5/5
  2163 | D:3      | Slain by an orc

Illustrated notes

Levels and vault maps discovered:
D:1:      minmay_arrival_loop, layout_basic, amethyst_killhole
D:2:      layout_loops_corners
D:3:      layout_rooms, lightli_sewer_entry_pipes
D:4:      layout_loops_ring, hangedman_decor_slide_cut

Skill      XL: |  1  2  3  4 |
---------------+-------------+-----
Fighting       | 4 |  4.5
Shields        | 4 |  4.5
Maces & Flails | 3 |  3.3
Armour         | |  3.2

Action                   |  1- 3 |  4- 6 || total
-------------------------+-------+-------++-------
Melee: Flail             |   179 |    86 ||   265
  Use: Scroll            |       |     3 ||     3
  Eat: Chunk             |     2 |     3 ||     5
Armor: Scale mail        |   105 |    63 ||   168
Dodge: Dodged            |    69 |    41 ||   110
Block: Kite shield       |   106 |    71 ||   177
